Map: Blackpink LE

Players

Snute - Winner!

  • Race: Zerg Zerg
  • Spawn Location: 1:00

Dayshi

  • Race: Terran Terran
  • Spawn Location: 7:00

Event: IEM Season 12 - Katowice

VOD

Have the link to the VOD?

Description

Time

  • Played on: Feb. 27, 2018, 7:29 a.m.
  • Length: 29:51

All games in this series

Show
View Real Time Build Order
Export as new Build Order

Snute Zerg - Winner!

Build Orders: Pool First, Brood Lord Corruptor, Roach Hydra 

Get SALT Encoding   

  12  0:00  Drone  
  13  0:12  Overlord  
  13  0:17  Drone  
  14  0:30  Drone x2  
  14  0:34  Drone  
  17  0:44  Spawning Pool  
  17  0:47  Drone  
  17  1:07  Hatchery  
  17  1:09  Drone  
  17  1:13  Drone  
  17  1:16  Extractor  
  17  1:18  Drone  
  18  1:31  Queen, Zergling x2  
  21  1:38  Overlord  
  21  1:49  Drone  
  22  2:03  Drone  
  22  2:06  Queen  
  25  2:11  Drone  
  26  2:15  Metabolic Boost  
  26  2:19  Drone, Queen  
  26  2:22  Drone  
  31  2:30  Drone  
  31  2:35  Overlord  
  31  2:37  Drone  
  31  2:38  Drone x2  
  31  2:41  Drone  
  35  2:46  Overlord  
  36  2:51  Drone  
  36  3:03  Overlord  
  36  3:04  Drone  
  36  3:06  Drone  
  36  3:09  Drone x2  
  39  3:14  Drone, Hatchery  
  39  3:16  Drone  
  39  3:17  Drone  
  42  3:20  Drone  
  42  3:24  Queen  
  44  3:32  Queen  
  46  3:34  Zergling x4  
  46  3:38  Zergling x4  
  50  3:44  Drone x4  
  50  3:45  Drone  
  55  3:53  Drone x2  
  55  3:54  Drone x2  
  59  3:56  Drone  
  60  4:04  Overlord  
  60  4:07  Overlord  
  60  4:14  Roach Warren  
  60  4:15  Drone  
  60  4:17  Extractor  
  60  4:20  Overlord  
  60  4:21  Queen  
  60  4:23  Drone x2, Queen  
  65  4:24  Drone  
  65  4:26  Overlord  
  65  4:30  Drone x2  
  68  4:32  Drone x2  
  68  4:34  Drone  
  68  4:36  Overlord  
  69  4:47  Evolution Chamber  
  69  4:48  Evolution Chamber  
  69  4:52  Zergling x8  
  71  4:55  Roach x3  
  71  4:58  Roach x2  
  81  5:03  Roach x3  
  87  5:09  Spore Crawler  
  87  5:11  Spore Crawler  
  87  5:13  Spore Crawler, Drone  
  88  5:14  Drone x4  
  89  5:21  Zerg Ground Armor Level 1  
  89  5:24  Drone x4  
  89  5:27  Drone x3  
  96  5:32  Overlord  
  96  5:33  Drone  
  97  5:41  Overlord x2  
  97  5:43  Zerg Missile Weapons Level 1  
  97  5:44  Overlord  
  97  5:45  Extractor  
  97  5:47  Overlord  
  97  5:48  Overlord  
  96  5:51  Overlord  
  93  6:01  Lair  
  91  6:05  Drone x6  
  91  6:06  Drone x3  
  91  6:10  Drone x3  
  103  6:11  Drone  
  103  6:12  Drone x2  
  103  6:17  Drone  
  106  6:19  Extractor  
  106  6:20  Extractor  
  106  6:21  Drone x2  
  106  6:27  Roach, Extractor  
  106  6:29  Overlord  
  106  6:30  Hatchery  
  102  6:36  Queen  
  102  6:37  Overlord  
  104  6:47  Roach x3  
  104  6:48  Roach x7  
  124  7:01  Glial Reconstitution  
  124  7:02  Infestation Pit, Hydralisk Den  
  124  7:04  Drone x2  
  124  7:07  Drone x7  
  132  7:08  Drone  
  132  7:12  Extractor  
  132  7:14  Extractor  
  130  7:22  Roach x5  
  140  7:23  Roach  
  142  7:33  Grooved Spines  
  142  7:34  Zerg Ground Armor Level 2  
  142  7:39  Zerg Missile Weapons Level 2  
  142  7:49  Drone x3  
  144  7:51  Spore Crawler  
  144  7:52  Hive  
  144  7:56  Spire  
  142  8:04  Overlord x2  
  142  8:05  Overseer  
  142  8:06  Hydralisk x4  
  142  8:11  Overseer  
  150  8:13  Hydralisk  
  150  8:14  Hydralisk  
  150  8:18  Pneumatized Carapace  
  154  8:23  Hydralisk x2  
  158  8:37  Overlord  
  158  8:38  Hydralisk x6  
  170  8:47  Muscular Augments  
  170  9:02  Hatchery  
  169  9:04  Viper  
  169  9:05  Viper  
  175  9:10  Greater Spire  
  175  9:12  Spine Crawler  
  175  9:14  Drone x5  
  175  9:15  Drone x4, Spine Crawler x3  
  175  9:16  Drone, Spine Crawler  
  180  9:18  Overlord x2  
  180  9:19  Spine Crawler  
  180  9:22  Spine Crawler  
  174  9:45  Spine Crawler  
  173  9:46  Spine Crawler x2  
  173  9:51  Corruptor x6  
  183  9:57  Corruptor x2  
  187  10:06  Drone x2  
  189  10:20  Spine Crawler  
  188  10:23  Spine Crawler  
  187  10:31  Brood Lord x3  
  187  10:32  Brood Lord x3  
  189  10:51  Brood Lord x2  
  185  10:58  Zergling x2  
  185  10:59  Zergling x24  
  185  11:01  Zerg Missile Weapons Level 3, Zerg Flyer Armor Level 1, Zerg Melee Weapons Level 1  
  190  11:22  Hydralisk  
  190  11:23  Hydralisk x6  
  180  11:32  Queen  
  180  11:33  Queen x2, Corruptor x3  
  179  12:00  Corruptor x3  
  181  12:19  Drone x3  
  181  12:21  Spine Crawler  
  185  12:22  Brood Lord  
  185  12:23  Brood Lord x2  
  185  12:24  Spore Crawler  
  185  12:25  Spore Crawler x2  
  185  12:26  Spore Crawler x2, Extractor  
  185  12:27  Overseer x2, Extractor  
  185  12:28  Viper  
  185  12:29  Corruptor x2  
  173  12:47  Hydralisk x5  
  179  12:53  Overlord x2  
  179  12:55  Brood Lord  
  179  12:57  Zerg Melee Weapons Level 2  
  179  13:02  Brood Lord  
  181  13:18  Brood Lord  
  181  13:30  Zerg Flyer Armor Level 2  
  181  13:31  Corruptor x2, Baneling Nest  
  181  13:32  Corruptor  
  180  13:51  Viper x2  
  178  13:58  Corruptor x3  
  178  13:59  Hydralisk x2  
  178  14:02  Drone x5  
  193  14:03  Queen x3  
  188  14:26  Spore Crawler  
  188  14:27  Spore Crawler, Corruptor x2  
  180  14:33  Overlord x2  
  180  14:35  Brood Lord x5  
  186  14:40  Spore Crawler  
  186  14:43  Queen x3  
  186  14:44  Overlord x2  
  191  14:46  Overlord  
  191  14:56  Spore Crawler  
  191  14:57  Drone x2  
  191  14:58  Drone x3, Spine Crawler  
  191  14:59  Viper x2  
  197  15:07  Drone x3  
  197  15:14  Brood Lord  
  199  15:16  Zerg Melee Weapons Level 3  
  188  15:38  Corruptor x3  
  181  16:16  Hydralisk x8  
  184  16:19  Corruptor  
  184  16:20  Corruptor x4  
  184  16:23  Queen x2  
  188  16:30  Brood Lord  
  182  16:42  Viper x2  
  188  16:52  Brood Lord x2  
  192  17:00  Queen x2  
  194  17:10  Brood Lord  
  194  17:11  Brood Lord  
  194  17:12  Brood Lord  
  200  17:30  Zerg Flyer Armor Level 3  
  200  17:34  Hatchery  
  195  17:38  Drone x5  
  198  18:02  Brood Lord  
  200  18:14  Spore Crawler x2  
  200  18:15  Spore Crawler, Brood Lord  
  195  18:33  Queen x5  
  183  18:35  Hydralisk x8  
  183  18:49  Hydralisk  
  183  18:50  Hydralisk x4  
  183  18:51  Viper x2  
  196  19:03  Corruptor x2  
  193  19:11  Drone x4  
  193  19:15  Overseer x3  
  197  19:18  Viper  
  200  19:42  Overseer  
  200  19:53  Spine Crawler  
  200  19:54  Zerg Ground Armor Level 3  
  200  19:55  Spine Crawler  
  200  19:56  Spine Crawler  
  191  20:10  Drone x4  
  191  20:11  Drone x5  
  194  20:23  Queen x3  
  177  20:58  Hydralisk x3, Hatchery  
  182  21:05  Brood Lord x2  
  182  21:08  Queen x3  
  192  21:12  Zerg Flyer Weapons Level 1  
  186  21:19  Corruptor x3  
  192  21:36  Infestor x2  
  196  21:51  Spine Crawler  
  186  22:03  Drone x5  
  186  22:04  Drone x4  
  186  22:05  Drone x4  
  186  22:08  Drone x5  
  189  22:09  Drone  
  189  22:13  Viper x2  
  198  22:23  Hatchery  
  197  22:41  Spore Crawler  
  197  22:42  Spore Crawler x2  
  197  22:44  Overseer x4  
  194  22:58  Drone x6  
  198  23:02  Spine Crawler  
  198  23:05  Spine Crawler x2  
  197  23:07  Zerg Flyer Weapons Level 2  
  197  23:11  Spine Crawler  
  197  23:12  Spine Crawler, Brood Lord x2  
  199  23:14  Spine Crawler  
  194  23:39  Drone x7  
  194  23:40  Brood Lord  
  187  23:43  Roach x4  
  187  23:44  Roach  
  191  24:01  Drone  
  191  24:02  Drone x4  
  190  24:04  Spore Crawler  
  190  24:06  Spore Crawler  
  190  24:08  Spore Crawler  
  190  24:09  Spore Crawler x2  
  185  24:12  Viper x2  
  185  24:15  Corruptor x4  
  199  24:22  Spore Crawler  
  198  24:30  Infestor  
  200  24:42  Viper x2  
  194  24:53  Viper  
  194  24:57  Extractor x2  
  194  24:59  Extractor x2  
  187  25:25  Hatchery, Zerg Flyer Weapons Level 3  
  184  25:29  Drone x4  
  184  25:32  Drone x6  
  194  25:38  Brood Lord  
  196  25:58  Drone x2  
  196  26:02  Spine Crawler  
  196  26:03  Drone x3  
  198  26:07  Brood Lord  
  198  26:14  Brood Lord  
  199  26:31  Spore Crawler x2  
  199  26:32  Spore Crawler  
  196  26:37  Spore Crawler  
  171  26:47  Brood Lord  
  171  26:48  Infestor x2  
  171  26:49  Spore Crawler  
  171  26:50  Hydralisk  
  171  26:51  Spore Crawler, Hydralisk x7  
  188  27:21  Corruptor x3  
  188  27:22  Corruptor  
  192  27:27  Hydralisk x2  
  192  27:28  Hydralisk x2  
  166  27:42  Hydralisk  
  142  27:57  Drone x4  
  142  27:58  Drone x17, Queen  
  159  27:59  Queen x2  
  159  28:01  Drone x3  
  165  28:15  Queen x3  
  165  28:18  Drone x8  
  165  28:19  Drone  
  168  28:31  Corruptor x2  
  171  28:44  Drone x2  
  171  28:45  Drone x4  
  177  28:49  Drone x4  
  177  28:50  Drone  
  177  28:51  Drone x4  
  177  28:53  Drone x2  
  188  29:04  Drone x2  
  188  29:05  Spine Crawler x2  
Show
View Real Time Build Order
Export as new Build Order

Dayshi Terran 

Build Orders: Gas First Reaper Expand, Reaper Expand, Hellion Banshee, Mech 

Get SALT Encoding   

  12  0:00  SCV  
  13  0:12  SCV  
  14  0:17  Supply Depot  
  14  0:19  Supply Depot  
  14  0:24  SCV  
  15  0:31  Refinery  
  15  0:40  SCV  
  16  0:47  Barracks  
  16  0:52  SCV  
  17  1:05  SCV  
  18  1:17  SCV  
  19  1:33  Reaper  
  19  1:34  Orbital Command  
  20  1:44  Command Center  
  20  1:59  SCV  
  21  2:01  Factory  
  21  2:12  SCV  
  21  2:13  Barracks Reactor  
  21  2:15  Supply Depot  
  22  2:20  Engineering Bay  
  22  2:24  SCV  
  22  2:28  Refinery  
  23  2:36  SCV  
  24  2:48  Starport  
  24  2:55  SCV  
  25  2:59  Hellion x2, Barracks Tech Lab  
  29  3:07  SCV, Orbital Command  
  30  3:19  SCV  
  31  3:29  Hellion x2  
  31  3:31  SCV  
  36  3:35  Viking  
  36  3:36  SCV  
  36  3:40  Cloaking Field  
  39  3:43  SCV  
  39  3:46  Supply Depot  
  39  3:48  SCV  
  41  3:54  Hellion x2  
  44  3:56  SCV  
  44  4:00  SCV  
  46  4:08  SCV  
  46  4:09  Banshee  
  50  4:12  SCV  
  51  4:17  Supply Depot  
  51  4:20  SCV  
  51  4:24  Command Center  
  52  4:27  SCV  
  53  4:32  SCV  
  53  4:36  Armory  
  54  4:39  SCV  
  54  4:44  Hellion x2, SCV  
  60  4:45  Barracks Tech Lab  
  60  4:48  Supply Depot  
  60  4:50  Refinery  
  60  4:51  Refinery  
  61  4:52  SCV  
  61  4:56  SCV  
  62  5:09  Supply Depot  
  62  5:10  Banshee  
  62  5:11  Supply Depot  
  62  5:12  Hellion x2  
  69  5:17  SCV  
  70  5:25  Factory  
  70  5:26  Terran Vehicle Weapons Level 1, Factory  
  70  5:31  SCV x2  
  72  5:37  Orbital Command  
  68  5:43  SCV x2  
  68  5:47  Hellion  
  68  5:55  SCV x2  
  72  6:04  Hellion  
  72  6:07  SCV  
  72  6:08  SCV x2  
  72  6:09  Siege Tank  
  72  6:10  Marine  
  72  6:11  Factory Tech Lab  
  75  6:15  Starport Reactor  
  75  6:19  SCV  
  75  6:20  SCV  
  75  6:23  Orbital Command  
  77  6:26  Supply Depot  
  77  6:27  Supply Depot  
  77  6:29  Supply Depot  
  77  6:31  Hellion, SCV  
  80  6:34  SCV, Refinery  
  80  6:39  Refinery  
  81  6:43  SCV  
  81  6:46  Armory  
  82  6:47  Siege Tank  
  82  6:50  Siege Tank  
  82  6:52  SCV x2  
  90  6:57  SCV  
  90  7:01  Hellion x2  
  95  7:04  Medivac  
  95  7:05  Medivac  
  95  7:07  SCV  
  100  7:08  SCV  
  100  7:15  Barracks Reactor  
  101  7:16  SCV  
  101  7:19  Factory  
  101  7:21  Factory  
  101  7:22  SCV x2  
  104  7:28  SCV  
  105  7:32  Supply Depot, Siege Tank x2  
  105  7:34  SCV x2  
  105  7:35  Terran Vehicle Weapons Level 2  
  105  7:36  Terran Vehicle And Ship Armor Level 1  
  113  7:40  SCV  
  113  7:42  Viking  
  118  7:44  Hellbat x2  
  118  7:46  SCV x2  
  108  8:02  Command Center  
  108  8:08  Siege Tank x2  
  108  8:09  Engineering Bay  
  108  8:10  Hellbat x2  
  118  8:17  Hellbat x2  
  122  8:23  Hellion x6  
  122  8:26  Viking x2  
  126  8:31  Hellbat  
  126  8:32  Hellbat  
  127  8:35  Infernal Pre-Igniter, Siege Tank  
  127  8:40  Siege Tank  
  133  8:41  Supply Depot  
  133  8:42  Supply Depot x2  
  133  8:43  Supply Depot  
  133  9:01  Siege Tank  
  133  9:02  Missile Turret  
  131  9:04  Viking, Hellbat x4  
  131  9:05  Viking  
  143  9:11  Starport  
  143  9:12  Starport  
  146  9:21  Siege Tank  
  146  9:22  Command Center  
  146  9:25  Siege Tank  
  146  9:27  Hellbat  
  146  9:28  Hellbat  
  153  9:39  Sensor Tower  
  153  9:44  Terran Vehicle And Ship Armor Level 2  
  156  9:45  Siege Tank  
  156  9:46  Hellion, Hellbat  
  156  9:51  SCV x3  
  156  9:52  Refinery  
  163  9:54  Missile Turret, Starport Reactor, Starport Tech Lab  
  163  9:56  Terran Vehicle Weapons Level 3  
  163  10:01  Planetary Fortress  
  163  10:03  Hellbat  
  163  10:04  Hellbat x3  
  171  10:10  SCV  
  171  10:11  SCV  
  171  10:12  Refinery  
  171  10:13  SCV  
  174  10:16  Hellbat x2  
  174  10:19  Siege Tank  
  179  10:23  SCV  
  178  10:33  Siege Tank  
  179  10:40  Siege Tank  
  180  10:43  Hellbat  
  180  10:48  Hellbat  
  174  10:51  Viking x2  
  174  10:52  Hellbat  
  180  10:57  Hellbat  
  180  10:58  Command Center x2  
  180  11:02  Siege Tank  
  175  11:05  Siege Tank  
  175  11:06  Viking x2  
  175  11:07  Viking, Hellbat  
  159  11:21  Viking  
  159  11:22  Viking, Siege Tank, Hellbat x3  
  157  11:30  Hellbat  
  158  11:33  SCV  
  158  11:34  SCV x3, Siege Tank  
  158  11:38  Viking x2  
  169  11:45  SCV  
  164  11:58  Hellion, Siege Tank x2, Hellbat  
  164  11:59  Hellbat  
  176  12:03  Terran Vehicle And Ship Armor Level 3  
  176  12:05  Hellbat  
  178  12:10  Orbital Command  
  178  12:17  Siege Tank  
  178  12:20  Hellion, Hellbat  
  185  12:24  Barracks Tech Lab  
  185  12:26  Ghost Academy  
  185  12:28  Fusion Core, Hellbat, Barracks x2  
  185  12:29  Viking x3  
  193  12:34  Terran Ship Weapons Level 1  
  170  12:50  Siege Tank x2  
  170  12:51  Viking x2, Hellion  
  168  12:54  Siege Tank, Hellion, Hellbat x2  
  173  13:04  Viking x3  
  173  13:13  Planetary Fortress  
  173  13:26  Viking x2  
  177  13:29  Siege Tank x2  
  177  13:30  Siege Tank, Hellbat x3  
  189  13:41  Orbital Command  
  187  13:48  Hellion  
  187  13:54  Hellion  
  187  13:57  Barracks Tech Lab x2  
  187  13:58  Hellion x2  
  187  14:01  Siege Tank  
  187  14:02  Siege Tank x2  
  200  14:10  Refinery  
  200  14:11  Refinery  
  200  14:14  Hellion x6  
  200  14:15  Hellion x3  
  183  14:27  Hellion, Hellbat x2  
  177  14:33  Hellbat  
  177  14:34  Siege Tank x3  
  183  14:51  Terran Ship Weapons Level 2  
  183  14:58  Hellbat x4  
  191  15:00  Liberator x2  
  177  15:16  Siege Tank x3  
  177  15:19  Hellbat x2  
  177  15:20  Viking x2  
  186  15:36  Hellion  
  186  15:38  Viking, Hellion  
  186  15:40  Hellion  
  186  15:41  Hellion  
  192  15:48  Siege Tank x2  
  192  15:49  Siege Tank  
  197  15:50  Viking  
  197  16:00  Viking  
  190  16:13  Viking x2  
  174  16:20  Siege Tank x2, Hellbat  
  174  16:23  Viking x2  
  168  16:27  Hellion x5  
  168  16:30  Viking  
  162  16:39  Siege Tank, Command Center  
  167  16:40  Hellbat x2  
  167  16:42  Hellbat x2  
  167  16:43  Viking x2  
  177  16:50  Liberator x2  
  177  16:53  Viking  
  179  16:55  Liberator  
  179  17:01  Siege Tank x2, Hellbat  
  189  17:11  Liberator x2  
  189  17:14  Terran Ship Weapons Level 3  
  192  17:16  Ghost  
  200  17:33  Liberator  
  196  17:46  Ghost  
  196  17:48  Hellbat  
  198  18:05  Command Center  
  198  18:12  Command Center  
  198  18:18  Ghost x2  
  195  18:31  Viking x2  
  159  18:39  Hellion, Siege Tank x2  
  155  18:44  Viking x2  
  155  18:48  Hellbat x2  
  130  19:01  Viking x2  
  125  19:10  Hellion  
  125  19:11  Hellion x4  
  125  19:12  Hellion x2  
  125  19:14  Viking x2  
  125  19:15  Viking  
  135  19:26  Hellion x7  
  135  19:30  Orbital Command  
  135  19:31  Viking x2  
  134  19:33  Siege Tank  
  134  19:34  Orbital Command  
  137  19:41  Ghost  
  137  19:44  Viking x2  
  143  19:49  SCV  
  143  19:50  SCV x3  
  134  20:01  SCV  
  134  20:02  Hellion x2, Siege Tank, Hellbat  
  134  20:03  Hellion, Hellbat  
  134  20:05  Hellion  
  148  20:19  Orbital Command  
  140  20:24  Hellion  
  140  20:27  Siege Tank  
  140  20:28  Hellion  
  145  20:31  Refinery  
  145  20:33  Siege Tank  
  145  20:34  Hellion x2  
  148  20:55  Viking x2  
  142  21:00  Hellion  
  142  21:10  Viking  
  138  21:12  Hellion x9  
  138  21:25  Planetary Fortress  
  138  21:32  Hellion  
  138  21:33  Hellion x2  
  138  21:37  Viking  
  137  22:04  Hellion x4  
  127  22:12  Hellion x3, Siege Tank  
  127  22:13  Hellion x3  
  136  22:19  Refinery  
  136  22:28  Viking  
  138  22:34  Hellion x5  
  138  22:35  Hellion  
  148  22:40  Ghost, Hellion x5  
  150  22:51  Hellion x9, Refinery  
  150  22:55  Hellbat x2  
  150  22:56  Viking x2, Hellbat  
  150  22:57  Hellion  
  162  22:59  Missile Turret  
  162  23:01  Missile Turret  
  162  23:03  Siege Tank  
  165  23:19  Hellion, Siege Tank, Hellbat  
  176  23:20  Hellbat x2  
  176  23:32  Orbital Command  
  158  23:43  Hellbat  
  158  23:44  Viking, Hellion x3, Siege Tank  
  169  23:50  Viking  
  163  24:04  Orbital Command  
  163  24:29  Viking  
  163  24:30  Viking  
  167  24:33  Viking  
  169  24:43  Refinery  
  158  24:53  Siege Tank  
  158  24:54  Hellbat  
  158  24:57  SCV  
  158  24:58  SCV x5  
  166  25:10  SCV x2  
  166  25:14  Viking x2, Hellion x6  
  168  25:19  Viking x2  
  174  25:22  Ghost x3  
  180  25:31  Viking  
  180  25:44  Viking  
  180  25:47  Liberator  
  179  25:53  SCV x5, Liberator  
  179  25:54  SCV  
  181  26:05  SCV  
  184  26:18  Refinery  
  180  26:29  Hellbat  
  180  26:30  Hellbat x2  
  186  26:34  Siege Tank  
  186  26:36  Hellbat x2  
  175  26:48  Personal Cloaking  
  175  26:52  Hellbat x2  
  150  27:23  Viking  
  150  27:24  Viking x3  
  142  27:33  Hellbat  
  142  27:35  Hellbat x2  
  142  27:36  Hellion, Hellbat x2  
  89  27:52  Viking  
  89  27:53  Viking, Hellion  
  89  27:54  Viking  
  89  27:55  Hellion  
  89  27:57  Hellion x2  
  84  28:09  Hellion x3  
  84  28:11  Orbital Command  
  74  28:22  Hellion x3  
  51  28:39  Hellbat  
  53  28:43  Hellion x11  
  50  29:00  Orbital Command  

Tags
 
Add a new tag
Caveats
  • Supply blocks, unpowered buildings, or Contaminate may cause inaccurate times.
  • Supply counts are checked every 10 seconds.